 Dungeon Crawl Stone Soup version 0.29.1-2-gbd0b4ee654 (webtiles) character file.

Game seed: 17299370726757742210

422 safid the Shooter (level 6, -1/58 HPs)
             Began as a Minotaur Hunter on Nov 18, 2022.
             Slain by an adder (3 damage)
             ... on level 4 of the Dungeon.
             The game lasted 00:05:11 (3956 turns).

safid the Shooter (Minotaur Hunter)                 Turns: 3956, Time: 00:05:11

Health: -1/58      AC:  3    Str: 15    XL:     6   Next: 63%
Magic:  5/5        EV: 12    Int:  6    God:
Gold:   215        SH:  0    Dex: 16    Spells: 5/5 levels left

rFire   . . .      SeeInvis .   a - +0 shortbow
rCold   . . .      Faith    .   (shield currently unavailable)
rNeg    . . .      Spirit   .   c - +0 leather armour
rPois   .          Reflect  .   (helmet restricted)
rElec   .          Harm     .   (no cloak)
rCorr   .          Rampage  .   (no gloves)
Will    .....                   (no boots)
Stlth   +.........              (no amulet)
HPRegen 0.19/turn               (no ring)
MPRegen 0.09/turn               (no ring)

@: no status effects
A: horns 2, retaliatory headbutt
a: no special abilities


You were on level 4 of the Dungeon.
You visited 1 branch of the dungeon, and saw 4 of its levels.

You collected 215 gold pieces.

Inventory:

Hand Weapons
 a - a +0 shortbow (weapon)
Armour
 c - a +0 leather armour (worn)
Wands
 l - a wand of roots (12)
 q - a wand of flame (7)
Scrolls
 b - 2 scrolls of immolation
 e - 5 scrolls of identify {unknown}
 g - 2 scrolls of fear {unknown}
 h - a scroll of silence {unknown}
 j - a scroll of enchant weapon {unknown}
 m - 4 scrolls of vulnerability {unknown}
 n - a scroll of torment {unknown}
 o - a scroll of teleportation {unknown}
Potions
 d - a potion of cancellation {unknown}
 f - 4 potions of curing {unknown}
 i - a potion of berserk rage {unknown}
 k - a potion of might {unknown}
 p - a potion of flight {unknown}
 r - a potion of magic {unknown}


   Skills:
 + Level 6.3 Fighting
 + Level 6.9 Ranged Weapons
 - Level 2.1 Dodging
 - Level 0.7 Stealth


You had 5 spell levels left.
You didn't know any spells.
Your spell library contained the following spells:

 Spells                   Type           Power      Damage    Failure   Level
 Magic Dart               Conj           0%         1d3       52%         1
 Call Imp                 Summ           0%         N/A       67%         2
 Mephitic Cloud           Conj/Pois/Air  0%         N/A       88%         3


Dungeon Overview and Level Annotations

Branches:
Dungeon (4/15)
 Temple: D:4-7

Altars:
Kikubaaqudgha

Shops:
D:4 =


Innate Abilities, Weirdness & Mutations

You have a pair of horns on your head.
You reflexively headbutt those who attack you in melee.


Message History

The iguana bites you! x2
You shoot an arrow. The arrow closely misses the iguana.
The adder closely misses you. You furiously retaliate!
You headbutt the adder! The iguana bites you!
You are too injured to fight recklessly!
You are too injured to fight recklessly!
You are too injured to fight recklessly!
Unknown command.
Fire: a) +0 shortbow
Press: ? - help, Q - select action, (/) - cycle Shift-Dir - straight line, f/p - iguana
Aim: an iguana (severely wounded, 69% to hit)
You shoot an arrow.
The arrow hits the iguana but does no damage.
The iguana is severely wounded.
The adder bites you.
The iguana bites you but does no damage.
The adder bites you but does no damage.
Fire: a) +0 shortbow
Press: ? - help, Q - select action, (/) - cycle Shift-Dir - straight line, f/p - iguana
Aim: an iguana (severely wounded, 69% to hit)
You shoot an arrow. The arrow hits the iguana.
The iguana is almost dead.
The adder barely misses you. The iguana bites you!
* * * LOW HITPOINT WARNING * * *
The adder barely misses you.
Fire: a) +0 shortbow
Press: ? - help, Q - select action, (/) - cycle Shift-Dir - straight line, f/p - iguana
Aim: an iguana (almost dead, 69% to hit)
You shoot an arrow. The arrow barely misses the iguana.
The iguana misses you. The adder bites you.
* * * LOW HITPOINT WARNING * * *
The iguana bites you!
* * * LOW HITPOINT WARNING * * *
Fire: a) +0 shortbow
Press: ? - help, Q - select action, (/) - cycle Shift-Dir - straight line, f/p - iguana
Aim: an iguana (almost dead, 69% to hit)
You shoot an arrow. The arrow closely misses the iguana.
The adder closely misses you. The iguana barely misses you.
The adder bites you.
You die...

##'##.....#.#####################
#..<#.....#......#
'...#.....#......#
#####.....###'#########
....####..)...........# ....#
#..............# ..÷.#
#..............# ....#
#..............#
....####........@S....#
......#########'#l......
......#.....#...#.......
......#.....#...#.......
......#..†..#...#......<
......####'##...#.......
............#####......#
######......# ####..# # #......#


You could see an iguana and an adder.

Vanquished Creatures
  A phantom (D:3)
  A necrophage (D:4)
  A jelly (D:4)
  Natasha (twice) (D:3)
  2 iguanas (D:4)
  6 adders
  A worm (D:2)
  A dart slug (D:4)
  6 orcs
  6 endoplasms
  4 giant cockroaches
  8 goblins
  6 hobgoblins
  4 jackals (D:1)
  8 kobolds
  3 quokkas
  15 ball pythons
  11 bats
  6 frilled lizards
  3 rats
95 creatures vanquished.

Notes
Turn   | Place    | Note
-------+----------+-------------------------------------------
     0 | D:1      | safid the Minotaur Hunter began the quest for the Orb.
     0 | D:1      | Reached XP level 1. HP: 18/18 MP: 0/0
    94 | D:1      | Found a faded altar of an unknown god.
   121 | D:1      | Reached XP level 2. HP: 18/25 MP: 1/1
   451 | D:1      | Reached skill level 5 in Ranged Weapons
   451 | D:1      | Reached XP level 3. HP: 31/31 MP: 2/2
  1222 | D:2      | Reached XP level 4. HP: 39/40 MP: 3/3
  2037 | D:3      | Found an ancient bone altar of Kikubaaqudgha.
  2047 | D:3      | Noticed a phantom
  2054 | D:3      | Killed a phantom
  2055 | D:3      | Reached skill level 5 in Fighting
  2055 | D:3      | Reached XP level 5. HP: 38/48 MP: 4/4
  2278 | D:3      | Identified the +9 dagger of an ice cave {holy, rPois rF-
                  | Int+6 SInv}
  2462 | D:3      | Noticed Natasha
  2466 | D:3      | Killed Natasha
  2761 | D:3      | Noticed Natasha
  2766 | D:3      | Killed Natasha
  3078 | D:4      | Reached XP level 6. HP: 57/57 MP: 5/5
  3631 | D:4      | Found Ythoogrosch's Jewellery Shop.
  3800 | D:4      | Identified the +1 buckler of Wilul {-Cast +Blink Dex+3}
  3955 | D:4      | HP: 2/58 [iguana (12)]
  3956 | D:4      | Slain by an adder

Illustrated notes

Levels and vault maps discovered:
D:1:      scummos_arrival_star, layout_loops_ring, ebering_ecumenical_altar_mist
D:2:      layout_loops_ring, st_stairs_11, minmay_misc_feat_hallway,
          grunt_ministairs_13, minivault_4, kennysheep_decorative_pillar
D:3:      layout_loops_corners, kiku_gazebo_pond_becter, hangedman_decor_push,
          kennysheep_generic_room_7, uniq_natasha
D:4:      layout_gridville, serial_shops, nicolae_shop_stone,
          nicolae_square_shop, st_stairs_14

Skill      XL: |  1  2  3  4  5  6 |
---------------+-------------------+-----
Fighting       | 3 4 5 6 |  6.3
Ranged Weapons | 5 6 |  6.9
Dodging        | |  2.1
Stealth        | |  0.7

Action                   |  1- 3 |  4- 6 || total
-------------------------+-------+-------++-------
 Fire: Shortbow          |   132 |   168 ||   300
Armor: Leather armour    |    27 |    14 ||    41
Dodge: Dodged            |    47 |    47 ||    94
